SL
GREENVILLE 84S @ COLORADO BILLY GOATS
09/03/2041
 
TOP OF THE 1ST
Greenville 84s batting - Pitching for Colorado Billy Goats : RHP Sergio Gómez
Pitching: RHP Sergio Gómez
Batting: SHB Glyn Bolasky 0-0: Swinging Strike
0-1: Ball
1-1: Foul Ball, location: 2F
1-2: Strikes out swinging
Batting: LHB Philip Visscher 0-0: Foul Ball, location: 2F
0-1: Swinging Strike
0-2: Foul Ball, location: 2F
0-2: Foul Ball, location: 2F
0-2: Fly out, F5 (Line Drive, 5, EV 64.4 MPH)
Batting: RHB Ángelo Delgado 0-0: Ball
1-0: Swinging Strike
1-1: Ball
2-1: Foul Ball, location: 2F
2-2: Foul Ball, location: 2F
2-2: Strikes out swinging
Top of the 1st over - 0 runs, 0 hits, 0 errors, 0 left on base; Greenville 0 - Colorado 0
BOTTOM OF THE 1ST
Colorado Billy Goats batting - Pitching for Greenville 84s : RHP Glenn Suggett
Pitching: RHP Glenn Suggett
Batting: LHB David de Meij 0-0: Foul Ball, location: 2F
0-1: DOUBLE (Flyball, 89D, EV 90.6 MPH)
Batting: LHB Tim Gonzáles 0-0: Ball
1-0: Called Strike
1-1: Ground out 4-3 (Groundball, 4, EV 101.9 MPH)
David de Meij to third
Batting: LHB Ricardo Yates 0-0: Called Strike
0-1: Called Strike
0-2: Foul Ball, location: 2F
0-2: Foul Ball, location: 2F
0-2: Ball
1-2: Fly out, F8 (Flyball, 78XD, EV 86.9 MPH)
Runner from 3rd tags up, SCORES, no throw by CF
Batting: LHB Bill Stanton 0-0: Ball
1-0: Fly out, F7 (Flyball, 7LD, EV 103.8 MPH)
Bottom of the 1st over - 1 run, 1 hit, 0 errors, 0 left on base; Greenville 0 - Colorado 1
TOP OF THE 2ND
Greenville 84s batting - Pitching for Colorado Billy Goats : RHP Sergio Gómez
Batting: LHB Chris Payling 0-0: Ball
1-0: Foul Ball, location: 2F
1-1: SINGLE (Flyball, 7S, EV 89.4 MPH)
Batting: RHB Gil Andersen 0-0: Ball
1-0: Ball
Chris Payling steals 2nd base (no throw)
2-0: Called Strike
2-1: Foul Ball, location: 2F
2-2: Foul Ball, location: 2F
2-2: Foul Ball, location: 2F
2-2: SINGLE (Line Drive, 4D, EV 95.6 MPH)
Chris Payling to third
Batting: LHB Roberts Hamhock 0-0: Foul Ball, location: 2F
0-1: Ball
1-1: 3-RUN HOME RUN (Flyball, 9D, EV 101.9 MPH), Distance : 402 ft
Batting: RHB António Macías 0-0: Ball
1-0: Ball
2-0: Called Strike
2-1: Ball
3-1: Called Strike
3-2: Ground out 5-3 (Groundball, 56, EV 88.8 MPH)
Batting: LHB Lung Chaim 0-0: Called Strike
0-1: Ball
1-1: Foul Ball, location: 2F
1-2: Ball
2-2: Ground out U3 (Groundball, 3, EV 106.9 MPH)
Batting: RHB Freedon Akinmoladun 0-0: Called Strike
0-1: Ball
1-1: Ball
2-1: Fly out, F7 (Flyball, 7D, EV 88.8 MPH)
Top of the 2nd over - 3 runs, 3 hits, 0 errors, 0 left on base; Greenville 3 - Colorado 1
BOTTOM OF THE 2ND
Colorado Billy Goats batting - Pitching for Greenville 84s : RHP Glenn Suggett
Batting: LHB Ken Norris 0-0: Ball
1-0: Ball
2-0: Called Strike
2-1: Foul Ball, location: 2F
2-2: DOUBLE (Line Drive, 7LD, EV 104.4 MPH)
Batting: LHB António Casas 0-0: Called Strike
0-1: Ball
1-1: Ball
2-1: Ground out 4-3 (Groundball, 4S, EV 65.6 MPH)
Ken Norris to third
Batting: LHB Ruhinda Kirkconnell 0-0: Called Strike
0-1: Foul Ball, location: 2F
0-2: Ball
1-2: Ball
2-2: Strikes out swinging
Batting: RHB Phil Moore 0-0: Called Strike
0-1: Ball
1-1: Ball
2-1: Swinging Strike
2-2: Strikes out swinging
Bottom of the 2nd over - 0 runs, 1 hit, 0 errors, 1 left on base; Greenville 3 - Colorado 1
TOP OF THE 3RD
Greenville 84s batting - Pitching for Colorado Billy Goats : RHP Sergio Gómez
Batting: SHB Glyn Bolasky 0-0: Ball
1-0: Ball
2-0: Swinging Strike
2-1: Ball
3-1: Called Strike
3-2: SINGLE (Line Drive, 8RS, EV 111.9 MPH)
Batting: LHB Philip Visscher 0-0: Ball
1-0: Swinging Strike
1-1: Ball
2-1: Ball
3-1: Base on Balls
Glyn Bolasky to second
Batting: RHB Ángelo Delgado 0-0: Ball
1-0: Called Strike
1-1: Ball
2-1: Foul Ball, location: 2F
2-2: Foul Ball, location: 2F
2-2: Fly out, F8 (Flyball, 8RD, EV 95.6 MPH)
Throwing error, E8
Glyn Bolasky scores
Philip Visscher to second
Batting: LHB Chris Payling 0-0: Ball
1-0: Ball
2-0: SINGLE (Flyball, 7S, EV 86.2 MPH)
Philip Visscher to third
Batting: RHB Gil Andersen 0-0: Called Strike
Chris Payling steals 2nd base (no throw)
0-1: Called Strike
0-2: Ball
1-2: Fly out, F4 (Popup, 4D, EV 49.4 MPH)
Batting: LHB Roberts Hamhock 0-0: Called Strike
0-1: Swinging Strike
0-2: Strikes out swinging
Top of the 3rd over - 1 run, 2 hits, 1 error, 2 left on base; Greenville 4 - Colorado 1
BOTTOM OF THE 3RD
Colorado Billy Goats batting - Pitching for Greenville 84s : RHP Glenn Suggett
Batting: RHB Jorge Alvarado 0-0: Called Strike
0-1: Called Strike
0-2: Strikes out swinging
Batting: LHB David de Meij 0-0: Foul Ball, location: 2F
0-1: DOUBLE (Line Drive, 89M, EV 98.8 MPH)
Batting: LHB Tim Gonzáles 0-0: Swinging Strike
0-1: Called Strike
0-2: Ball
1-2: Ball
2-2: Strikes out swinging
Batting: LHB Ricardo Yates 0-0: Called Strike
0-1: Ball
1-1: Fly out, F8 (Line Drive, 8RM, EV 98.1 MPH)
Bottom of the 3rd over - 0 runs, 1 hit, 0 errors, 1 left on base; Greenville 4 - Colorado 1
TOP OF THE 4TH
Greenville 84s batting - Pitching for Colorado Billy Goats : RHP Sergio Gómez
Batting: RHB António Macías 0-0: Ball
1-0: Called Strike
1-1: Foul Ball, location: 2F
1-2: Ball
2-2: Ball
3-2: Base on Balls
Batting: LHB Lung Chaim 0-0: Foul Ball, location: 2F
0-1: Ball
1-1: Fly out, F9 (Flyball, 9, EV 92.5 MPH)
Batting: RHB Freedon Akinmoladun 0-0: Ball
1-0: Ball
Wild Pitch!
António Macías to second
2-0: Ball
3-0: Called Strike
3-1: Base on Balls
Batting: SHB Glyn Bolasky 0-0: Ball
1-0: Ball
Wild Pitch!
António Macías to third
Freedon Akinmoladun to second
2-0: Called Strike
2-1: Ground out 4-3 (Groundball, 4M, EV 82.5 MPH)
António Macías scores
Freedon Akinmoladun to third
Batting: LHB Philip Visscher 0-0: Called Strike
0-1: SINGLE (Groundball, 34S, EV 69.4 MPH) (infield hit)
Freedon Akinmoladun scores
Pitching: RHP Trevor Brohard
Batting: RHB Ángelo Delgado 0-0: Ball
1-0: Swinging Strike
1-1: Ball
2-1: Foul Ball, location: 2F
2-2: Strikes out swinging
Top of the 4th over - 2 runs, 1 hit, 0 errors, 1 left on base; Greenville 6 - Colorado 1
BOTTOM OF THE 4TH
Colorado Billy Goats batting - Pitching for Greenville 84s : RHP Glenn Suggett
Batting: LHB Bill Stanton 0-0: Ball
1-0: Foul Ball, location: 2F
1-1: Foul Ball, location: 2F
1-2: Ball
2-2: Ball
3-2: Foul Ball, location: 2F
3-2: Strikes out swinging
Batting: LHB Ken Norris 0-0: Ball
1-0: Ball
2-0: Foul Ball, location: 2F
2-1: SINGLE (Flyball, 8LS, EV 91.2 MPH)
Batting: LHB António Casas 0-0: Called Strike
0-1: Foul Ball, location: 2F
0-2: SINGLE (Groundball, 4D, EV 103.8 MPH)
Ken Norris to second
Batting: LHB Ruhinda Kirkconnell 0-0: Foul Ball, location: 2F
0-1: Called Strike
0-2: Ball
1-2: Strikes out swinging
Batting: RHB Phil Moore 0-0: Called Strike
0-1: Ball
1-1: Fly out, F9 (Line Drive, 9, EV 95.6 MPH)
Bottom of the 4th over - 0 runs, 2 hits, 0 errors, 2 left on base; Greenville 6 - Colorado 1
TOP OF THE 5TH
Greenville 84s batting - Pitching for Colorado Billy Goats : RHP Trevor Brohard
Batting: LHB Chris Payling 0-0: Ball
1-0: Called Strike
1-1: Fly out, F5 (Line Drive, 5, EV 71.9 MPH)
Batting: RHB Gil Andersen 0-0: Ball
1-0: Swinging Strike
1-1: Fly out, F7 (Line Drive, 7D, EV 90.0 MPH)
Batting: LHB Roberts Hamhock 0-0: Called Strike
0-1: Ball
1-1: Called Strike
1-2: Strikes out looking
Top of the 5th over - 0 runs, 0 hits, 0 errors, 0 left on base; Greenville 6 - Colorado 1
BOTTOM OF THE 5TH
Colorado Billy Goats batting - Pitching for Greenville 84s : RHP Glenn Suggett
Batting: RHB Jorge Alvarado 0-0: Called Strike
0-1: Ground out 4-3 (Groundball, 4, EV 100.0 MPH)
Batting: LHB David de Meij 0-0: Called Strike
0-1: Swinging Strike
0-2: Ground out 6-3 (Groundball, 6S, EV 88.1 MPH)
Batting: LHB Tim Gonzáles 0-0: Ball
1-0: Ground out U3 (Groundball, 34, EV 89.4 MPH)
Bottom of the 5th over - 0 runs, 0 hits, 0 errors, 0 left on base; Greenville 6 - Colorado 1
TOP OF THE 6TH
Greenville 84s batting - Pitching for Colorado Billy Goats : RHP Trevor Brohard
Batting: RHB António Macías 0-0: Called Strike
0-1: Ball
1-1: Ball
2-1: Fly out, F8 (Flyball, 89D, EV 97.5 MPH)
Batting: LHB Lung Chaim 0-0: Ball
1-0: Foul Ball, location: 2F
1-1: Swinging Strike
1-2: SINGLE (Groundball, 34D, EV 101.2 MPH)
Batting: RHB Freedon Akinmoladun 0-0: Ball
1-0: Called Strike
1-1: Ball
Lung Chaim steals 2nd base
2-1: Called Strike
2-2: Foul Ball, location: 2F
2-2: SINGLE (Groundball, 6D, EV 103.8 MPH)
Lung Chaim to third
Runner from 3rd tries for Home, SAFE, throw by CF to home
Freedon Akinmoladun to second
Batting: SHB Glyn Bolasky 0-0: Called Strike
0-1: Ground out 1-3 (Groundball, 15S, EV 70.6 MPH)
Batting: LHB Philip Visscher 0-0: Swinging Strike
0-1: Ball
1-1: SINGLE (Line Drive, 8LS, EV 107.5 MPH)
Freedon Akinmoladun to third
Batting: RHB Ángelo Delgado 0-0: Foul Ball, location: 2F
0-1: Ball
1-1: Ground out 5-3 (Groundball, 5S, EV 90.0 MPH)
Top of the 6th over - 1 run, 3 hits, 0 errors, 2 left on base; Greenville 7 - Colorado 1
BOTTOM OF THE 6TH
Colorado Billy Goats batting - Pitching for Greenville 84s : RHP Glenn Suggett
Batting: LHB Ricardo Yates 0-0: Called Strike
0-1: Ball
1-1: Ground out 5-3 (Groundball, 56, EV 87.5 MPH)
Batting: LHB Bill Stanton 0-0: Called Strike
0-1: Ball
1-1: Reached on error, E4 (Groundball, 34, EV 104.4 MPH)
Batting: LHB Ken Norris 0-0: Ball
1-0: Called Strike
1-1: Called Strike
1-2: Strikes out swinging
Batting: LHB António Casas 0-0: Ball
1-0: Fly out, F7 (Line Drive, 7, EV 90.0 MPH)
Bottom of the 6th over - 0 runs, 0 hits, 1 error, 1 left on base; Greenville 7 - Colorado 1
TOP OF THE 7TH
Greenville 84s batting - Pitching for Colorado Billy Goats : RHP Trevor Brohard
Batting: LHB Chris Payling 0-0: Ball
1-0: Swinging Strike
1-1: Fly out, F8 (Line Drive, 8RM, EV 109.4 MPH)
Batting: RHB Gil Andersen 0-0: Called Strike
0-1: Ball
1-1: Ball
2-1: Ball
3-1: Swinging Strike
3-2: Strikes out swinging
Batting: LHB Roberts Hamhock 0-0: Ball
1-0: Swinging Strike
1-1: Ball
2-1: Swinging Strike
2-2: Strikes out swinging
Top of the 7th over - 0 runs, 0 hits, 0 errors, 0 left on base; Greenville 7 - Colorado 1
BOTTOM OF THE 7TH
Colorado Billy Goats batting - Pitching for Greenville 84s : RHP Glenn Suggett
Batting: LHB Ruhinda Kirkconnell 0-0: Called Strike
0-1: Ball
1-1: Ball
2-1: SINGLE (Groundball, 56D, EV 101.2 MPH)
Batting: RHB Phil Moore 0-0: Grounds into double play, 6-4-3 (Groundball, 56, EV 106.2 MPH)
Batting: RHB Jorge Alvarado 0-0: Ground out 6-3 (Groundball, 6, EV 81.2 MPH)
Bottom of the 7th over - 0 runs, 1 hit, 0 errors, 0 left on base; Greenville 7 - Colorado 1
TOP OF THE 8TH
Greenville 84s batting - Pitching for Colorado Billy Goats : RHP Trevor Brohard
Pitching: RHP Butch Cummings
Batting: RHB António Macías 0-0: Ground out 6-3 (Groundball, 6, EV 83.8 MPH)
Batting: LHB Lung Chaim 0-0: Called Strike
0-1: Fly out, F9 (Flyball, 9S, EV 74.4 MPH)
Batting: RHB Freedon Akinmoladun 0-0: Called Strike
0-1: Ball
1-1: Foul Ball, location: 2F
1-2: Foul Ball, location: 2F
1-2: Ball
2-2: Foul Ball, location: 2F
2-2: Ball
3-2: Foul Ball, location: 2F
3-2: Strikes out swinging
Top of the 8th over - 0 runs, 0 hits, 0 errors, 0 left on base; Greenville 7 - Colorado 1
BOTTOM OF THE 8TH
Colorado Billy Goats batting - Pitching for Greenville 84s : RHP Glenn Suggett
Pitching: RHP Rubén Vázquez
Batting: LHB David de Meij 0-0: Foul Ball, location: 2F
0-1: Foul Ball, location: 2F
0-2: Foul Ball, location: 2F
0-2: Strikes out swinging
Batting: LHB Tim Gonzáles 0-0: Ball
1-0: Ground out 6-3 (Groundball, 6, EV 96.2 MPH)
Batting: LHB Ricardo Yates 0-0: Ball
1-0: Swinging Strike
1-1: Called Strike
1-2: Strikes out swinging
Bottom of the 8th over - 0 runs, 0 hits, 0 errors, 0 left on base; Greenville 7 - Colorado 1
TOP OF THE 9TH
Greenville 84s batting - Pitching for Colorado Billy Goats : RHP Butch Cummings
Batting: SHB Glyn Bolasky 0-0: Ball
1-0: Foul Ball, location: 2F
1-1: Ball
2-1: Swinging Strike
2-2: Foul Ball, location: 2F
2-2: Ball
3-2: Base on Balls
Batting: LHB Philip Visscher 0-0: Ball
1-0: Ball
2-0: Ball
3-0: Called Strike
3-1: Base on Balls
Glyn Bolasky to second
Batting: RHB Ángelo Delgado 0-0: SINGLE (Flyball, 78M, EV 86.2 MPH)
Glyn Bolasky to third
Philip Visscher to second
Batting: LHB Chris Payling 0-0: Called Strike
0-1: Foul Ball, location: 2F
0-2: Ball
1-2: Ball
2-2: Ball
3-2: SINGLE (Groundball, 4M, EV 88.1 MPH) (infield hit)
Glyn Bolasky scores
Philip Visscher to third
Ángelo Delgado to second
Batting: RHB Gil Andersen 0-0: Grounds into double play, 4-6-3 (Groundball, 4, EV 103.8 MPH)
Philip Visscher scores
Ángelo Delgado to third
Batting: LHB Roberts Hamhock 0-0: Ball
1-0: Called Strike
1-1: Foul Ball, location: 2F
1-2: Ball
2-2: Ball
3-2: Fly out, F8 (Line Drive, 8LM, EV 93.1 MPH)
Top of the 9th over - 2 runs, 2 hits, 0 errors, 1 left on base; Greenville 9 - Colorado 1
BOTTOM OF THE 9TH
Colorado Billy Goats batting - Pitching for Greenville 84s : RHP Rubén Vázquez
Batting: LHB Bill Stanton 0-0: Called Strike
0-1: Foul Ball, location: 2F
0-2: Ball
1-2: SINGLE (Groundball, 3D, EV 94.4 MPH)
Pinch Hitting: RHB Román Ramírez 0-0: Ball
1-0: Ball
2-0: Foul Ball, location: 2F
2-1: SINGLE (Groundball, 6D, EV 103.1 MPH)
Bill Stanton to second
Pinch Hitting: LHB Guan-pei Bei 0-0: Fielders Choice at 2nd, 6-4 (Groundball, 6M, EV 84.4 MPH)
Bill Stanton to third
Batting: LHB Ruhinda Kirkconnell 0-0: Ball
1-0: Swinging Strike
1-1: Called Strike
1-2: Ball
2-2: SINGLE (Groundball, 6S, EV 65.0 MPH) (infield hit)
Bill Stanton scores
Guan-pei Bei to second
Pinch Hitting: RHB Paul Byrd 0-0: Ball
1-0: Ball
2-0: Ball
3-0: Called Strike
3-1: Foul Ball, location: 2F
3-2: Base on Balls
Guan-pei Bei to third
Ruhinda Kirkconnell to second
Pitching: LHP Ramón Costello
Batting: RHB Jorge Alvarado 0-0: Ball
1-0: Called Strike
1-1: Foul Ball, location: 2F
1-2: Strikes out swinging
Batting: LHB David de Meij 0-0: Ball
1-0: Swinging Strike
1-1: Ball
2-1: DOUBLE (Flyball, 89D, EV 98.8 MPH)
Guan-pei Bei scores
Ruhinda Kirkconnell scores
Paul Byrd to third
Batting: LHB Tim Gonzáles 0-0: Swinging Strike
0-1: Hit by Pitch
Pitching: RHP Sasheer Zamata
Batting: LHB Ricardo Yates 0-0: Called Strike
0-1: Foul Ball, location: 2F
0-2: Foul Ball, location: 2F
0-2: Foul Ball, location: 2F
0-2: Strikes out swinging
Bottom of the 9th over - 3 runs, 4 hits, 0 errors, 3 left on base; Greenville 9 - Colorado 4
Tuesday, January 5th, 2021 - OOTP Baseball 20.8 Build 74